 Dungeon Crawl Stone Soup version 0.20.1-1-g8b1a95d (webtiles) character file.

10822 Fisto the Archer (level 11, 0/138 HPs)
             Began as a Centaur Hunter on Nov 19, 2017.
             Was an Elder of Qazlal.
             Succumbed to a naga mage's poison arrow
             ... on level 1 of the Snake Pit.
             The game lasted 01:18:13 (15616 turns).

Fisto the Archer (Centaur Hunter)                  Turns: 15616, Time: 01:18:14

Health: 0/138      AC: 25    Str: 17    XL:     11   Next: 41%
Magic:  23/23      EV:  1    Int: 10    God:    Qazlal [****..]
Gold:   425        SH:  5    Dex:  9    Spells: 10/10 levels left

rFire    . . .     SeeInvis .   G - +0 shortbow
rCold    . . .     Gourm    .   (shield currently unavailable)
rNeg     + + +     Faith    .   (armour currently unavailable)
rPois    +         Spirit   .   (helmet currently unavailable)
rElec    .         Reflect  .   (cloak currently unavailable)
rCorr    .         Harm     .   (gloves currently unavailable)
MR       .....     NoTele   +   (no barding)
Stlth    +.........             (no amulet)
Regen    0.4/turn               c - +3 ring of evasion
MPRegen  0.2/turn               b - ring of magical power

@: lethally poisoned (0 -> -1), tree-form, contaminated, glowing, repel missiles
A: clumsy 1
a: Upheaval, Elemental Force, Renounce Religion


You were on level 1 of the Snake Pit.
You worshipped Qazlal.
Qazlal was greatly pleased with you.
You were not hungry.
You were a tree.
You visited 3 branches of the dungeon, and saw 13 of its levels.

You collected 632 gold pieces.
You spent 207 gold pieces at shops.

Inventory:

Hand Weapons
 e - a +1 rapier of venom
 l - a +2 flail of protection
 m - the +5 flail "Quraon" {flame, *Contam Int+6 SInv}
   (You found it on level 8 of the Dungeon)

   It has been specially enchanted to burn those struck by it, causing extra
   injury to most foes and up to half again as much damage against particularly
   susceptible opponents.
   It affects your intelligence (+6).
   It lets you see invisible.
   It causes magical contamination when unequipped.
 w - a +0 blowgun
 C - a +0 dagger of speed
 G - a +0 shortbow (weapon)
 H - a +0 arbalest
 I - a cursed +0 dire flail
 L - the +7 rapier "Waschi" {pain, rC+ MR- Str+2, unknown}
   (You found it on level 1 of the Lair of Beasts)

   In the hands of one skilled in necromantic magic, it inflicts extra damage on
   living creatures.
   It affects your strength (+2).
   It protects you from cold.
   It affects your resistance to hostile enchantments.
Missiles
 u - 13 tomahawks
 v - 74 arrows (quivered)
 A - 37 poisoned needles
 J - 14 bolts
Armour
 q - a +3 scale mail (melded)
 z - a +1 pair of gloves (melded)
Jewellery
 b - a ring of magical power (right branch)
 c - a +3 ring of evasion (left branch)
Wands
 y - a wand of polymorph (6/24)
 E - a wand of acid (0/15)
 F - a wand of flame (15/48)
Scrolls
 a - a scroll of identify
 j - a scroll of noise {unknown}
 k - a scroll of teleportation
 o - 2 scrolls of immolation
 p - 4 scrolls of recharging
 r - 2 scrolls of enchant weapon {unknown}
 s - 6 scrolls of remove curse
 x - a scroll of amnesia
 K - a scroll of blinking {unknown}
Potions
 d - 3 potions of lignification
 n - a potion of brilliance
 t - a potion of mutation
 D - a potion of agility
Comestibles
 f - 4 chunks of flesh
 g - 4 royal jellies
 h - 6 meat rations
 B - 12 fruits


   Skills:
 + Level 7.5 Fighting
 + Level 2.2 Short Blades
 + Level 6.8 Maces & Flails
 + Level 10.3 Bows
 + Level 7.8 Crossbows
 + Level 4.8 Throwing
 + Level 5.1 Armour
 + Level 3.4 Dodging
 - Level 0.8 Stealth
 * Level 5.0 Invocations
 + Level 1.3 Evocations


You had 10 spell levels left.
You didn't know any spells.

Dungeon Overview and Level Annotations

Branches:
Dungeon (10/15)            Temple (0/1) D:6            Lair (2/6) D:10
  Snake (1/4) Lair:2
  Swamp: Lair:2-4    Shoals: Lair:2-4       Orc: D:9-12

Altars:
Ashenzari
Cheibriados
Dithmenos
Elyvilon
Nemelex Xobeh
Okawaru
Qazlal
Ru
Trog
Uskayaw
Vehumet
Xom

Shops:
D:5 =%}((


Innate Abilities, Weirdness & Mutations

((You have hooves in place of feet.))
((Armour fits poorly on your strangely shaped body.))
((You cover ground very quickly.))
((You have extremely tough skin. (AC +3)))
((You have a pair of small antennae on your head.))
You are clumsy. (Dex -2)
((Your flesh is heat resistant. (rF+)))
((Your system is resistant to poisons. (rPois)))


Message History

You block the black mamba's attack.
The shock serpent bites you but does no damage.
Firing (i - inventory. (,) - cycle):
v - 76 arrows (quivered)
Press: ? - help, Shift-Dir - straight line, f/p - black mamba
Aim: a black mamba (severely wounded, slow)
You shoot an arrow.
The arrow barely misses the black mamba.
You hear an angry hiss.
You hear a shout!
You hear an angry hiss. x2
You hear a shout! x3
The black mamba bites you but does no damage.
The shock serpent bites you!
* * * LOW HITPOINT WARNING * * *
The shock serpent shocks you!
* * * LOW HITPOINT WARNING * * *
Firing (i - inventory. (,) - cycle):
v - 75 arrows (quivered)
Press: ? - help, Shift-Dir - straight line, f/p - black mamba
Aim: a black mamba (severely wounded, slow)
You shoot an arrow.
The arrow barely misses the black mamba.
You die...

..####..
###.......
#♣PP#.....
#♣≈≈..N...
#♣P≈≈P....##
#≈≈≈≈§.§...
♣≈≈≈≈..§#
#≈≈≈.§♣# .
##♣≈≈SS## ..#
####(.##...#
##......#
#......##
.......(.#
#..!.......#
#...S..(....#
#.....##....#


You could see a shock serpent, a black mamba and a naga mage.

Vanquished Creatures
  A two-headed ogre (D:8)
  A glowing orange brain (D:10)
  A spiny frog (Lair:1)
  A rime drake (Lair:1)
  2 komodo dragons
  A merfolk (D:10)
  3 hippogriffs
  2 blink frogs
  5 yaks (D:10)
  A wyvern (D:10)
  Eustachio (D:4)
  6 water moccasins
  3 porcupines
  4 orc warriors
  An ice beast (D:7)
  A sky beast (D:10)
  3 ogres
  4 phantoms
  2 black bears
  4 wolves (Lair:1)
  2 centaurs
  2 big kobolds (D:10)
  A crocodile (Lair:1)
  8 bullfrogs
  4 scorpions
  8 killer bees
  4 wights (D:7)
  7 crimson imps
  5 howler monkeys
  A quasit (D:10)
  2 jellies (D:8)
  3 centaur skeletons
  7 orc priests
  7 hounds
  6 orc wizards
  6 bullfrog skeletons
  2 hell rats
  8 worker ants
  2 hound skeletons
  4 howler monkey zombies
  11 adders
  3 gnolls
  9 river rats (Lair:1)
  4 oozes
  An adder zombie (D:5)
  An adder skeleton (D:7)
  2 worms
  2 dart slugs
  3 leopard geckos
  53 orcs
  A ball python (D:1)
  5 giant cockroaches
  5 goblins
  8 hobgoblins
  9 jackals
  18 kobolds
  4 quokkas
  9 bats
  8 frilled lizards
  2 leopard gecko skeletons
  A leopard gecko zombie (D:6)
  A quokka skeleton (D:6)
  2 quokka zombies
  3 rats
301 creatures vanquished.

Vanquished Creatures (others)
  A plant (Lair:1)
1 creature vanquished.

Grand Total: 302 creatures vanquished

Notes
Turn   | Place    | Note
-------+----------+-------------------------------------------
     0 | D:1      | Fisto the Centaur Hunter began the quest for the Orb.
     0 | D:1      | Reached XP level 1. HP: 17/17 MP: 1/1
   191 | D:1      | Reached XP level 2. HP: 23/24 MP: 2/2
   264 | D:1      | Reached skill level 5 in Crossbows
   834 | D:2      | Reached XP level 3. HP: 29/29 MP: 3/3
  1146 | D:2      | Found a stormy altar of Qazlal.
  1156 | D:2      | Became a worshipper of Qazlal Stormbringer
  1611 | D:3      | Reached XP level 4. HP: 37/37 MP: 4/4
  1941 | D:3      | Found an iron altar of Okawaru.
  2334 | D:3      | Reached skill level 1 in Armour
  2380 | D:3      | Reached XP level 5. HP: 42/42 MP: 5/5
  2459 | D:3      | Reached * piety under Qazlal
  2639 | D:3      | Gained mutation: Your system is resistant to poisons. (rPois) [potion of mutation]
  2639 | D:3      | Gained mutation: Your flesh is heat resistant. (rF+) [potion of mutation]
  2639 | D:3      | Gained mutation: You have a pair of small antennae on your head. [potion of mutation]
  2666 | D:3      | HP: 2/44 [orc priest/divine providence (10)]
  3512 | D:4      | Found a shattered altar of Ashenzari.
  3515 | D:4      | Reached skill level 1 in Throwing
  3520 | D:4      | Reached XP level 6. HP: 51/51 MP: 6/6
  3720 | D:4      | Reached skill level 1 in Maces & Flails
  3812 | D:4      | Noticed Eustachio
  3825 | D:5      | Entered Level 5 of the Dungeon
  3855 | D:5      | Found Woclup's Weapon Boutique.
  3885 | D:5      | Found Berefad's Weapon Boutique.
  3956 | D:5      | Found Latuj's Food Emporium.
  4010 | D:5      | Reached XP level 7. HP: 50/57 MP: 7/7
  4014 | D:5      | Bought a royal jelly for 28 gold pieces
  4014 | D:5      | Bought a meat ration for 70 gold pieces
  4014 | D:5      | Bought a meat ration for 70 gold pieces
  4246 | D:5      | Found Wyamog's Jewellery Emporium.
  5294 | D:4      | Killed Eustachio
  5994 | D:5      | Reached ** piety under Qazlal
  6243 | D:5      | Found Zuecru Feha's Gadget Boutique.
  6287 | D:5      | Reached skill level 1 in Short Blades
  6287 | D:5      | Reached XP level 8. HP: 48/66 MP: 8/8
  6489 | D:5      | Reached skill level 1 in Bows
  6664 | D:5      | Found a snail-covered altar of Cheibriados.
  6664 | D:5      | Found a bloodstained altar of Trog.
  6669 | D:5      | Found a sparkling altar of Nemelex Xobeh.
  6672 | D:5      | Found a faded altar of an unknown god.
  6673 | D:5      | Found a shadowy altar of Dithmenos.
  6732 | D:5      | Bought 14 arrows for 39 gold pieces
  6821 | D:5      | Reached skill level 2 in Bows
  7348 | D:6      | Reached skill level 3 in Bows
  7432 | D:6      | Found a staircase to the Ecumenical Temple.
  7520 | D:6      | Reached skill level 4 in Bows
  7682 | D:6      | Found a shimmering altar of Xom.
  7771 | D:6      | Reached skill level 5 in Bows
  8265 | D:6      | Reached skill level 6 in Bows
  8314 | D:7      | Reached skill level 5 in Fighting
  8714 | D:7      | Reached XP level 9. HP: 71/74 MP: 9/9
  8731 | D:7      | Reached skill level 7 in Bows
  9827 | D:8      | Noticed a two-headed ogre
  9869 | D:8      | Killed a two-headed ogre
 10408 | D:8      | Reached *** piety under Qazlal
 10469 | D:8      | Reached skill level 8 in Bows
 10636 | D:8      | Reached XP level 10. HP: 72/83 MP: 10/10
 11053 | D:8      | Found a radiant altar of Vehumet.
 11057 | D:8      | Found a stormy altar of Qazlal.
 11057 | D:8      | Found a sacrificial altar of Ru.
 11059 | D:8      | Found a white marble altar of Elyvilon.
 11356 | D:8      | Reached skill level 5 in Maces & Flails
 11363 | D:8      | Got a twisted flail
 11369 | D:8      | Identified the +5 flail "Quraon" {flame, *Contam Int+6 SInv} (You found it on level 8 of the Dungeon)
 11604 | D:9      | Reached skill level 9 in Bows
 11705 | D:10     | Entered Level 10 of the Dungeon
 11718 | D:10     | Reached skill level 1 in Invocations
 11831 | D:10     | Found a hide-covered altar of Uskayaw.
 11910 | D:10     | Reached **** piety under Qazlal
 12330 | D:10     | Found a staircase to the Lair.
 12558 | D:10     | Noticed a two-headed ogre
 12585 | D:10     | a two-headed ogre changed into a merfolk
 12742 | D:10     | Reached skill level 1 in Evocations
 12756 | D:10     | Noticed a two-headed ogre
 12759 | D:10     | Noticed an elephant
 12759 | D:10     | a two-headed ogre changed into an elephant
 12764 | D:10     | Noticed a glowing orange brain
 12764 | D:10     | an elephant changed into a glowing orange brain
 13134 | D:10     | Killed a glowing orange brain
 13204 | D:10     | Gained mutation: You are clumsy. (Dex -2) [mutagenic glow]
 13443 | Lair:1   | Entered Level 1 of the Lair of Beasts
 13476 | Lair:1   | Reached XP level 11. HP: 92/92 MP: 14/14
 14106 | Lair:1   | Reached skill level 10 in Bows
 14321 | Lair:1   | Got a smelly ring mail
 14322 | Lair:1   | Identified the +1 ring mail of the Carpenter {-Cast rN+++ Regen+ rCorr} (You found it on level 1 of the Lair of Beasts)
 14781 | Lair:1   | Got a crystal rapier
 15056 | Lair:1   | Reached skill level 5 in Armour
 15448 | Lair:1   | Reached skill level 5 in Invocations
 15546 | Lair:2   | Found a staircase to the Snake Pit.
 15555 | Snake:1  | Entered Level 1 of the Snake Pit
 15576 | Snake:1  | Noticed an anaconda
 15589 | Snake:1  | Noticed a shock serpent
 15603 | Snake:1  | Noticed a shock serpent
 15615 | Snake:1  | HP: 1/138 [shock serpent (10)]
 15616 | Snake:1  | Succumbed to a naga mage's poison arrow

Skill      XL: |  1  2  3  4  5  6  7  8  9 10 11 |
---------------+----------------------------------+-----
Crossbows      | 5 6 7 |  7.8
Armour         | 1 2 3 4 5 |  5.1
Throwing       | 1 2 4 |  4.8
Fighting       | 3 5 6 7 |  7.5
Maces & Flails | 1 3 4 6 |  6.8
Dodging        | 2 3 |  3.4
Short Blades   | 1 2 |  2.2
Bows           | 6 8 9 10 | 10.3
Invocations    | 4 5 |  5.0
Evocations     | 1 |  1.3
Stealth        | |  0.8

Action                   |  1- 3 |  4- 6 |  7- 9 | 10-12 || total
-------------------------+-------+-------+-------+-------++-------
Melee: Short sword       |       |    56 |       |       ||    56
       Kick              |       |    26 |    61 |    55 ||   142
       Flail             |       |    69 |   202 |   253 ||   524
       Rapier            |       |       |    71 |     7 ||    78
 Fire: Hand crossbow     |    97 |    79 |     7 |       ||   183
       Shortbow          |       |       |   247 |   171 ||   418
       Blowgun           |       |       |    11 |    20 ||    31
       Arbalest          |       |       |     5 |       ||     5
Throw: Tomahawk          |       |    22 |    38 |     7 ||    67
Invok: Upheaval          |       |       |     1 |     1 ||     2
Evoke: Wand              |       |       |    11 |    12 ||    23
  Use: Scroll            |     3 |     1 |    14 |     2 ||    20
       Potion            |       |     6 |     5 |     3 ||    14
  Eat: Chunk             |       |     4 |     2 |     9 ||    15
       Bread ration      |       |     1 |     2 |     1 ||     4
       Fruit             |       |       |     1 |     3 ||     4
       Meat ration       |       |       |     1 |       ||     1
Armor: Ring mail         |    11 |       |       |       ||    11
       Leather armour    |     1 |       |       |       ||     1
       Chain mail        |     5 |   113 |   139 |       ||   257
       Scale mail        |       |       |    84 |   164 ||   248
       Skin              |       |       |       |    16 ||    16
Dodge: Dodged            |    13 |    35 |   212 |   168 ||   428
       Deflected         |       |       |       |    10 ||    10
Block: Other             |       |     5 |    45 |    80 ||   130
